TOP OF THE 1ST |
Hamilton Cardinals batting - Pitching for Columbus Reds : RHP Brian Trejo
|
Pitching: RHP Brian Trejo
|
|
Batting: RHB Chris Rouleau
|
0-0: Ball 1-0: Ball 2-0: Called Strike 2-1: Ball 3-1: Foul Ball, location: 2F 3-2: Ground out 4-3 (Groundball, 4, EV 83.8 MPH)
|
Batting: RHB Johnny Lowe
|
0-0: Ball 1-0: Ball 2-0: Foul Ball, location: 2F 2-1: Fly out, F8 (Flyball, 78M, EV 96.2 MPH)
|
Batting: SHB Justin Houser
|
0-0: Ball 1-0: Ball 2-0: Called Strike 2-1: Swinging Strike 2-2: Ball 3-2: Fly out, F7 (Flyball, 7, EV 74.4 MPH)
|
Top of the 1st over - 0 runs, 0 hits, 0 errors, 0 left on base; Hamilton 0 - Columbus 0 |
BOTTOM OF THE 1ST |
Columbus Reds batting - Pitching for Hamilton Cardinals : RHP Jason Meade
|
Pitching: RHP Jason Meade
|
|
Batting: RHB Ben Burkholder
|
0-0: Ball 1-0: Ball 2-0: Called Strike 2-1: Called Strike 2-2: Strikes out swinging
|
Batting: RHB Ed Santibanez
|
0-0: Ball 1-0: Ground out 5-3 (Groundball, 56, EV 100.6 MPH)
|
Batting: LHB Jamie Spangenberg
|
0-0: Ball 1-0: Ball 2-0: Called Strike 2-1: Ball 3-1: Foul Ball, location: 2F 3-2: Fly out, F7 (Flyball, 7S, EV 85.6 MPH)
|
Bottom of the 1st over - 0 runs, 0 hits, 0 errors, 0 left on base; Hamilton 0 - Columbus 0 |
TOP OF THE 2ND |
Hamilton Cardinals batting - Pitching for Columbus Reds : RHP Brian Trejo
|
Batting: LHB Billy Lang
|
0-0: Ball 1-0: Called Strike 1-1: Ground out U3 (Groundball, 3, EV 90.0 MPH)
|
Batting: RHB McGwire Jones
|
0-0: Ball 1-0: Fly out, F9 (Line Drive, 89D, EV 100.0 MPH)
|
Batting: RHB Joey Black
|
0-0: Fly out, F8 (Line Drive, 8LM, EV 88.1 MPH)
|
Top of the 2nd over - 0 runs, 0 hits, 0 errors, 0 left on base; Hamilton 0 - Columbus 0 |
BOTTOM OF THE 2ND |
Columbus Reds batting - Pitching for Hamilton Cardinals : RHP Jason Meade
|
Batting: RHB Aaron Barraza
|
0-0: Called Strike 0-1: Called Strike 0-2: Strikes out looking
|
Batting: SHB Cesar Pelayo
|
0-0: Ball 1-0: Ball 2-0: Called Strike 2-1: Foul Ball, location: 2F 2-2: Ball 3-2: Foul Ball, location: 2F 3-2: Foul Ball, location: 2F 3-2: Base on Balls
|
Batting: RHB Ernie Maldonado
|
0-0: Ball 1-0: Called Strike 1-1: Foul Ball, location: 2F 1-2: Ball 2-2: Strikes out swinging
|
Batting: RHB Ch'ang-chieh Hsia
|
0-0: DOUBLE (Line Drive, 7LS, EV 91.9 MPH) Cesar Pelayo to third Runner from 3rd tries for Home, throw by LF and OUT! 7-6-2
|
Bottom of the 2nd over - 0 runs, 1 hit, 0 errors, 1 left on base; Hamilton 0 - Columbus 0 |
TOP OF THE 3RD |
Hamilton Cardinals batting - Pitching for Columbus Reds : RHP Brian Trejo
|
Batting: RHB Julio Sandoval
|
0-0: Foul Ball, location: 2F 0-1: Ball 1-1: Ground out 5-3 (Groundball, 56, EV 105.0 MPH)
|
Batting: RHB Tim Williams
|
0-0: Foul Ball, location: 2F 0-1: Ball 1-1: Ground out 6-3 (Groundball, 6, EV 87.5 MPH)
|
Batting: RHB Sal Guzman
|
0-0: Foul Ball, location: 2F 0-1: Ball 1-1: Called Strike 1-2: Strikes out looking
|
Top of the 3rd over - 0 runs, 0 hits, 0 errors, 0 left on base; Hamilton 0 - Columbus 0 |
BOTTOM OF THE 3RD |
Columbus Reds batting - Pitching for Hamilton Cardinals : RHP Jason Meade
|
Batting: LHB Jose Cruz
|
0-0: Ball 1-0: Swinging Strike 1-1: Called Strike 1-2: Strikes out looking
|
Batting: LHB Mike Becerra
|
0-0: Called Strike 0-1: Foul Ball, location: 2F 0-2: Strikes out swinging
|
Batting: RHB Ben Burkholder
|
0-0: Ground out 4-3 (Groundball, 4, EV 79.4 MPH)
|
Bottom of the 3rd over - 0 runs, 0 hits, 0 errors, 0 left on base; Hamilton 0 - Columbus 0 |
TOP OF THE 4TH |
Hamilton Cardinals batting - Pitching for Columbus Reds : RHP Brian Trejo
|
Batting: RHB Chris Rouleau
|
0-0: Called Strike 0-1: Ball 1-1: Swinging Strike 1-2: SINGLE (Line Drive, 56D, EV 101.2 MPH)
|
Batting: RHB Johnny Lowe
|
0-0: Foul Ball, location: 2F 0-1: Grounds into double play, 4-6-3 (Groundball, 4, EV 98.8 MPH)
|
Batting: SHB Justin Houser
|
0-0: Foul Ball, location: 2F 0-1: Swinging Strike 0-2: Strikes out swinging
|
Top of the 4th over - 0 runs, 1 hit, 0 errors, 0 left on base; Hamilton 0 - Columbus 0 |
BOTTOM OF THE 4TH |
Columbus Reds batting - Pitching for Hamilton Cardinals : RHP Jason Meade
|
Batting: RHB Ed Santibanez
|
0-0: Ball 1-0: Swinging Strike 1-1: Foul Ball, location: 2F 1-2: Strikes out swinging
|
Batting: LHB Jamie Spangenberg
|
0-0: Ball 1-0: Ball 2-0: Ball 3-0: Base on Balls
|
Batting: RHB Aaron Barraza
|
0-0: Foul Ball, location: 2F 0-1: Foul Ball, location: 2F 0-2: Strikes out swinging
|
Batting: SHB Cesar Pelayo
|
0-0: Called Strike 0-1: Foul Ball, location: 2F 0-2: Ball 1-2: Ball 2-2: Ball 3-2: Base on Balls Jamie Spangenberg to second
|
Batting: RHB Ernie Maldonado
|
0-0: Ball 1-0: Swinging Strike 1-1: Ball 2-1: Fielders Choice at 2nd, 6-4 (Groundball, 6, EV 91.2 MPH)
|
Bottom of the 4th over - 0 runs, 0 hits, 0 errors, 2 left on base; Hamilton 0 - Columbus 0 |
TOP OF THE 5TH |
Hamilton Cardinals batting - Pitching for Columbus Reds : RHP Brian Trejo
|
Batting: LHB Billy Lang
|
0-0: Fly out, F7 (Flyball, 7, EV 91.9 MPH)
|
Batting: RHB McGwire Jones
|
0-0: Ground out 5-3 (Groundball, 25, EV 76.9 MPH)
|
Batting: RHB Joey Black
|
0-0: Ground out 4-3 (Groundball, 4, EV 86.9 MPH)
|
Top of the 5th over - 0 runs, 0 hits, 0 errors, 0 left on base; Hamilton 0 - Columbus 0 |
BOTTOM OF THE 5TH |
Columbus Reds batting - Pitching for Hamilton Cardinals : RHP Jason Meade
|
Batting: RHB Ch'ang-chieh Hsia
|
0-0: Called Strike 0-1: Ball 1-1: Ball 2-1: Ball 3-1: Foul Ball, location: 2F 3-2: Strikes out swinging
|
Batting: LHB Jose Cruz
|
0-0: SOLO HOME RUN (Flyball, 7D, EV 102.5 MPH), Distance : 405 ft
|
Batting: LHB Mike Becerra
|
0-0: Called Strike 0-1: Ball 1-1: Ball 2-1: Fly out, F8 (Flyball, 8LD, EV 98.8 MPH)
|
Batting: RHB Ben Burkholder
|
0-0: Ground out 4-3 (Groundball, 34, EV 89.4 MPH)
|
Bottom of the 5th over - 1 run, 1 hit, 0 errors, 0 left on base; Hamilton 0 - Columbus 1 |
TOP OF THE 6TH |
Hamilton Cardinals batting - Pitching for Columbus Reds : RHP Brian Trejo
|
Batting: RHB Julio Sandoval
|
0-0: Called Strike 0-1: SOLO HOME RUN (Flyball, 7LD, EV 96.2 MPH), Distance : 344 ft
|
Batting: RHB Tim Williams
|
0-0: Called Strike 0-1: Swinging Strike 0-2: Strikes out swinging
|
Batting: RHB Sal Guzman
|
0-0: Called Strike 0-1: SINGLE (Groundball, 34D, EV 96.2 MPH)
|
Batting: RHB Chris Rouleau
|
0-0: Swinging Strike 0-1: Swinging Strike 0-2: Ball 1-2: Ball 2-2: SINGLE (Line Drive, 9S, EV 87.5 MPH) Sal Guzman to second
|
Batting: RHB Johnny Lowe
|
0-0: Called Strike 0-1: Called Strike 0-2: Ball 1-2: Foul Ball, location: 2F 1-2: Fly out, F1 (Line Drive, P, EV 63.8 MPH)
|
Batting: SHB Justin Houser
|
0-0: Called Strike 0-1: Ball 1-1: Fly out, F9 (Flyball, 9LS, EV 88.8 MPH)
|
Top of the 6th over - 1 run, 3 hits, 0 errors, 2 left on base; Hamilton 1 - Columbus 1 |
BOTTOM OF THE 6TH |
Columbus Reds batting - Pitching for Hamilton Cardinals : RHP Jason Meade
|
Batting: RHB Ed Santibanez
|
0-0: Ball 1-0: Swinging Strike 1-1: Ground out 5-3 (Groundball, 56, EV 108.1 MPH)
|
Batting: LHB Jamie Spangenberg
|
0-0: Ground out U3 (Groundball, 34, EV 107.5 MPH)
|
Batting: RHB Aaron Barraza
|
0-0: Ball 1-0: Ball 2-0: Ground out 6-3 (Groundball, 6, EV 103.8 MPH)
|
Bottom of the 6th over - 0 runs, 0 hits, 0 errors, 0 left on base; Hamilton 1 - Columbus 1 |
TOP OF THE 7TH |
Hamilton Cardinals batting - Pitching for Columbus Reds : RHP Brian Trejo
|
Batting: LHB Billy Lang
|
0-0: Called Strike 0-1: Ball 1-1: Foul Ball, location: 2F 1-2: SINGLE (Groundball, 6D, EV 98.1 MPH)
|
Batting: RHB McGwire Jones
|
0-0: Called Strike 0-1: Ground out 4-3 (Groundball, 34S, EV 81.2 MPH) Billy Lang to second
|
Batting: RHB Joey Black
|
0-0: Ball 1-0: Foul Ball, location: 2F 1-1: Ball 2-1: Reached on error, E6 (Groundball, 6, EV 87.5 MPH) Billy Lang scores
|
Batting: RHB Julio Sandoval
|
0-0: Called Strike 0-1: Swinging Strike 0-2: Strikes out swinging
|
Batting: RHB Tim Williams
|
0-0: Ball 1-0: Ball 2-0: Ball 3-0: Base on Balls
|
Pinch Runner at 2nd Scott Webb:
|
|
Batting: RHB Sal Guzman
|
0-0: Ball 1-0: Foul Ball, location: 2F 1-1: Ball 2-1: Ball 3-1: Foul Ball, location: 2F 3-2: 3-RUN HOME RUN (Flyball, 7D, EV 108.1 MPH), Distance : 396 ft
|
Pitching: LHP Tim Kirk
|
|
Batting: RHB Chris Rouleau
|
0-0: Called Strike 0-1: Foul Ball, location: 2F 0-2: Strikes out swinging
|
Top of the 7th over - 4 runs, 2 hits, 1 error, 0 left on base; Hamilton 5 - Columbus 1 |
BOTTOM OF THE 7TH |
Columbus Reds batting - Pitching for Hamilton Cardinals : RHP Jason Meade
|
Batting: SHB Cesar Pelayo
|
0-0: Ball 1-0: Ball 2-0: Foul Ball, location: 2F 2-1: Ball 3-1: Called Strike 3-2: Base on Balls
|
Pitching: RHP Joe Cornell
|
|
Batting: RHB Ernie Maldonado
|
0-0: Foul Ball, location: 2F 0-1: Foul Ball, location: 2F 0-2: Ball 1-2: Strikes out looking
|
Batting: RHB Ch'ang-chieh Hsia
|
0-0: Ball 1-0: Swinging Strike 1-1: Called Strike 1-2: Ball 2-2: Ball 3-2: Strikes out swinging
|
Batting: LHB Jose Cruz
|
0-0: Called Strike 0-1: Ball 1-1: Foul Ball, location: 2F 1-2: Foul Ball, location: 2F 1-2: Strikes out swinging
|
Bottom of the 7th over - 0 runs, 0 hits, 0 errors, 1 left on base; Hamilton 5 - Columbus 1 |
TOP OF THE 8TH |
Hamilton Cardinals batting - Pitching for Columbus Reds : LHP Tim Kirk
|
Batting: RHB Johnny Lowe
|
0-0: Ball 1-0: Ball 2-0: Called Strike 2-1: Ball 3-1: SINGLE (Groundball, 6MD, EV 110.0 MPH)
|
Batting: SHB Justin Houser
|
0-0: Fly out, F8 (Flyball, 8LM, EV 91.2 MPH)
|
Batting: LHB Billy Lang
|
0-0: Called Strike 0-1: Foul Ball, location: 2F 0-2: Ball 1-2: Fly out, F7 (Flyball, 7S, EV 86.9 MPH)
|
Batting: RHB McGwire Jones
|
0-0: Called Strike 0-1: Ball 1-1: Fly out, F7 (Line Drive, 7LS, EV 90.6 MPH)
|
Top of the 8th over - 0 runs, 1 hit, 0 errors, 1 left on base; Hamilton 5 - Columbus 1 |
BOTTOM OF THE 8TH |
Columbus Reds batting - Pitching for Hamilton Cardinals : RHP Joe Cornell
|
Batting: LHB Mike Becerra
|
0-0: Swinging Strike 0-1: Ball 1-1: Ball 2-1: Swinging Strike 2-2: Strikes out swinging
|
Batting: RHB Ben Burkholder
|
0-0: Foul Ball, location: 2F 0-1: Ball 1-1: Ball 2-1: Called Strike 2-2: Strikes out swinging, 2-3 out at first.
|
Batting: RHB Ed Santibanez
|
0-0: SINGLE (Groundball, 4D, EV 104.4 MPH)
|
Batting: LHB Jamie Spangenberg
|
0-0: Swinging Strike 0-1: Fly out, F4 (Flyball, 34D, EV 93.1 MPH)
|
Bottom of the 8th over - 0 runs, 1 hit, 0 errors, 1 left on base; Hamilton 5 - Columbus 1 |
TOP OF THE 9TH |
Hamilton Cardinals batting - Pitching for Columbus Reds : LHP Tim Kirk
|
Batting: RHB Scott Webb
|
0-0: Ball 1-0: Called Strike 1-1: Ball 2-1: Ball 3-1: Ground out 4-3 (Groundball, 4, EV 103.1 MPH)
|
Batting: RHB Julio Sandoval
|
0-0: Ball 1-0: Ball 2-0: Ball 3-0: Base on Balls
|
Batting: RHB Tim Williams
|
0-0: SINGLE (Groundball, 4M, EV 105.6 MPH) (infield hit) Julio Sandoval to second
|
Batting: RHB Sal Guzman
|
0-0: Ball 1-0: Foul Ball, location: 2F 1-1: Fly out, F9 (Flyball, 9D, EV 83.8 MPH) Runner from 2nd tags up, SAFE at 3rd, no throw by RF
|
Batting: RHB Chris Rouleau
|
0-0: Ball 1-0: Fly out, F7 (Flyball, 7S, EV 92.5 MPH)
|
Top of the 9th over - 0 runs, 1 hit, 0 errors, 2 left on base; Hamilton 5 - Columbus 1 |
BOTTOM OF THE 9TH |
Columbus Reds batting - Pitching for Hamilton Cardinals : RHP Joe Cornell
|
Pitching: LHP Gonnohyoe Hata
|
|
Batting: RHB Aaron Barraza
|
0-0: Called Strike 0-1: Fly out, F9 (Line Drive, 9LM, EV 98.1 MPH)
|
Pinch Hitting: RHB Alex Juarez
|
0-0: Foul Ball, location: 2F 0-1: Swinging Strike 0-2: Foul Ball, location: 2F 0-2: Ball 1-2: Strikes out looking
|
Batting: RHB Ernie Maldonado
|
0-0: SINGLE (Line Drive, 7S, EV 103.8 MPH)
|
Batting: RHB Ch'ang-chieh Hsia
|
0-0: Ball 1-0: Ball 2-0: Ball 3-0: Called Strike 3-1: Base on Balls Ernie Maldonado to second
|
Batting: LHB Jose Cruz
|
0-0: Ball 1-0: Foul Ball, location: 2F 1-1: Swinging Strike 1-2: Ball 2-2: Foul Ball, location: 2F 2-2: Strikes out swinging
|
Bottom of the 9th over - 0 runs, 1 hit, 0 errors, 2 left on base; Hamilton 5 - Columbus 1 |
|